 Dungeon Crawl Stone Soup version 0.32-a0-886-g41c5271027 (webtiles) character file.

Game seed: 2287959739357217698

76512 KennySheep the Unseen (level 16, -21/134 HPs)
             Began as a Formicid Cinder Acolyte on Apr 3, 2024.
             Was a Follower of Dithmenos.
             Killed from afar by a fire dragon (49 damage)
             ... with a blast of flame
             ... on level 15 of the Dungeon.
             The game lasted 01:42:33 (24524 turns).

KennySheep the Unseen (Formicid Cinder Acolyte)    Turns: 24524, Time: 01:42:33

Health: -21/134    AC:  5    Str: 29    XL:     16   Next: 2%
Magic:  17/17      EV: 15    Int: 15    God:    Dithmenos [*.....]
Gold:   2001       SH: 13    Dex: 18    Spells: 15/17 levels left

rFire   . . .        b - +8 pair of quick blades "Gyre" and "Gimble" {protect}
rCold   + . .        j - +0 kite shield
rNeg    + . .        G - +0 steam dragon scales
rPois   +            (helmet unavailable)
rElec   +            (no cloak)
rCorr   +            (no gloves)
SInv    +            (no boots)
Will    ++...        w - amulet of magic regeneration
Stlth   ++++++++     E - ring of Otisumyum {rF++ Str+4 Dex+6}
HPRegen 0.42/turn    m - ring of positive energy
MPRegen 0.55/turn

%: no passive effects
@: resistant, wreathed by umbra, fire susceptible
A: permanent stasis, dig shafts and tunnels, antennae 3, four strong arms,
strong-willed 1, strong 1
a: Dig, Shaft Self, Renounce Religion


You were on level 15 of the Dungeon.
You worshipped Dithmenos.
Dithmenos was aware of your devotion.
You visited 3 branches of the dungeon, and saw 21 of its levels.
You also visited: Sewer, Ossuary and Bailey.

You collected 2781 gold pieces.
You spent 780 gold pieces at shops.

Inventory:

Hand Weapons
 a - a +6 spectral giant spiked club
 b - the +8 pair of quick blades "Gyre" and "Gimble" (weapon) {protect}
   (You found it in a sewer)
 H - the +8 sling of Broken Luck {elec, rElec rF+++ rC- Int-5}
   (You found it on level 1 of the Lair of Beasts)

   Int-5:     It affects your intelligence (-5).
   rF+++:     It renders you almost immune to fire.
   rC-:       It makes you vulnerable to cold.
   rElec:     It insulates you from electricity.
Missiles
 F - 3 throwing nets
Armour
 j - a +0 kite shield (worn)
 G - +0 steam dragon scales (worn)
Jewellery
 f - a ring of willpower
 i - a ring of protection from fire
 m - a ring of positive energy (right hand)
 w - an amulet of magic regeneration (around neck)
 E - the ring of Otisumyum (left hand) {rF++ Str+4 Dex+6}
   (You acquired it on level 12 of the Dungeon)

   [ring of dexterity]

   Str+4:     It affects your strength (+4).
   Dex+6:     It affects your dexterity (+6).
   rF++:      It greatly protects you from fire.
 K - a ring of protection from fire
 O - an amulet of the acrobat
Talismans
 c - a storm talisman
Wands
 l - a wand of flame (37)
 o - a wand of iceblast (33)
 r - a wand of mindburst (20)
 x - a wand of paralysis (10)
 J - a wand of light (2)
Scrolls
 d - 2 scrolls of silence
 k - 6 scrolls of fog
 n - 4 scrolls of amnesia
 q - 4 scrolls of enchant weapon
 s - a scroll of poison
 t - a scroll of fear
 y - 3 scrolls of immolation
 A - 6 scrolls of vulnerability
 B - 7 scrolls of identify
 L - a scroll of noise
 N - a scroll of revelation
Potions
 g - 5 potions of attraction
 h - 3 potions of lignification
 p - 4 potions of brilliance
 u - 3 potions of resistance
 v - 7 potions of curing
 z - 3 potions of enlightenment
 C - a potion of might
 D - 2 potions of mutation
 I - 2 potions of magic
 M - 3 potions of cancellation


   Skills:
 + Level 14.4 Fighting
 - Level 14.4 Short Blades
 - Level 5.9 Maces & Flails
 - Level 1.7 Armour
 + Level 8.5 Dodging
 + Level 16.3 Stealth
 + Level 13.1 Shields
 - Level 1.2 Unarmed Combat
 - Level 1.1 Spellcasting
 - Level 3.0 Fire Magic
 - Level 1.1 Shapeshifting


You had 15 spell levels left.
You knew the following spells:

 Your Spells              Type           Power      Damage    Failure   Level
a - Scorch                Fire           18%        2d5       16%         2

Your spell library contained the following spells:

 Spells                   Type           Power      Damage    Failure   Level
 Apportation              Tloc           0%         N/A       34%         1
 Cigotuvi's Dreadful Rot  Necr/Alch/Air  0%         N/A       47%         2
 Ensorcelled Hibernation  Hex/Ice        0%         N/A       47%         2
 Jinxbite                 Hex            0%         N/A       47%         2
 Inner Flame              Hex/Fire       5%         N/A       50%         3
 Dazzling Flash           Conj/Hex       0%         N/A       71%         3
 Fugue of the Fallen      Necr           0%         N/A       71%         3
 Mephitic Cloud           Conj/Alch/Air  0%         N/A       71%         3
 Teleport Other           Tloc           0%         N/A       71%         3
 Tukima's Dance           Hex            0%         N/A       71%         3
 Ignite Poison            Fire/Alch      5%         N/A       88%         4
 Anguish                  Hex/Necr       0%         N/A       98%         4
 Animate Armour           Summ/Erth      0%         N/A       98%         4
 Cause Fear               Hex            0%         N/A       98%         4
 Passage of Golubria      Tloc           0%         N/A       98%         4
 Summon Lightning Spire   Summ/Air       0%         N/A       98%         4
 Fireball                 Conj/Fire      2%         3d4       99%         5
 Alistair's Intoxication  Alch           0%         N/A       100%        5
 Curse of Agony           Necr           0%         N/A       100%        5
 Freezing Cloud           Conj/Ice/Air   0%         6-21      100%        5
 Irradiate                Conj/Alch      0%         3d11      100%        5
 Lee's Rapid Deconstruct  Erth           0%         3d4*      100%        5
 Silence                  Hex/Air        0%         N/A       100%        5
 Yara's Violent Unravell  Hex/Alch       0%         3d3       100%        5
 Dispersal                Tloc           0%         N/A       100%        6
 Gell's Gavotte           Tloc           0%         2d(11-16) 100%        6
 Manifold Assault         Tloc           0%         N/A       100%        7
 Ignition                 Fire           4%         3d4       100%        8
 Lehudib's Crystal Spear  Conj/Erth      0%         10d2      100%        8
 Dragon's Call            Summ           0%         N/A       100%        9


Dungeon Overview and Level Annotations

Branches:
Dungeon (15/15)            Temple (1/1) D:4            Lair (5/5) D:10
  Swamp (0/4) Lair:3       Spider (0/4) Lair:3        Slime (0/5) Lair:4
    Orc (0/2) D:10         Vaults (0/5) D:13         Depths (0/4) D:15
  Sewer (visited)         Ossuary (visited)          Bailey (visited)

Altars:
Ashenzari
Cheibriados
Dithmenos
Elyvilon
Fedhas
Gozag
Hepliaklqana
Kikubaaqudgha
Makhleb
Nemelex Xobeh
Okawaru
Qazlal
Ru
Sif Muna
Trog
Uskayaw
Vehumet
Wu Jian
Xom
Yredelemnul
Zin
The Shining One
Jiyva

Shops:
D:1 (   D:6 :   D:12 ?

Annotations:
D:4 1 runed translucent door, Crazy Yiuf
D:6 2 runed translucent doors, Skryme's ghost, novice GnSh
D:10 Gastronok; Sonja
D:15 1 runed translucent door, Ytwo Fev's ghost, adept HuIE
Lair:4 exclusion: oklob plant


Innate Abilities, Weirdness & Mutations

You cannot be hasted, slowed, berserked, paralysed or teleported.
You can dig through walls and to a lower floor.
You have a pair of large antennae on your head. (SInv)
Your four strong arms can wield two-handed weapons with a shield.
You are strong-willed. (Will+)
Your muscles are strong. (Str +4, Int/Dex -1)


Message History

The fire dragon tramples your cyan ugly thing!
Your cyan ugly thing holds its ground!
The ice dragon bites you.
* * * LOW HITPOINT WARNING * * *
You block the ice dragon's attack. The ice dragon tramples you!
* * * LOW HITPOINT WARNING * * *
You hold your ground!
Your cyan ugly thing bites the fire dragon!
Your cyan ugly thing shocks the fire dragon!
Your catoblepas breathes a plume of calcifying dust at the ice dragon.
The blast of calcifying dust hits the ice dragon but does no damage.
You swap places.
Your spriggan hits the ice dragon but does no damage.
The fire dragon bites your cyan ugly thing!!
The fire dragon claws your cyan ugly thing.
The fire dragon tramples your cyan ugly thing!
Your cyan ugly thing holds its ground!
The ice dragon is engulfed in calcifying dust.
The ice dragon is moving more slowly.
The ice dragon bites your spriggan!
The ice dragon barely misses your spriggan.
The ice dragon tramples your spriggan.
Your spriggan holds its ground!
Your cyan ugly thing pecks the ice dragon.
Your cyan ugly thing shocks the ice dragon!
Your cyan ugly thing bites the fire dragon but does no damage.
Your catoblepas gores the ice dragon!!
Your spriggan hits the ice dragon but does no damage.
The fire dragon barely misses your cyan ugly thing.
The fire dragon claws your cyan ugly thing.
The fire dragon tramples your cyan ugly thing!
Your cyan ugly thing holds its ground!
The ice dragon is engulfed in calcifying dust.
Your cyan ugly thing barely misses the fire dragon.
Your spriggan hits the ice dragon. The fire dragon breathes flames at you.
The blast of flame misses your cyan ugly thing.
The blast of flame hits your spriggan!!!
Your spriggan dies!
Your spriggan's corpse dissolves into shadows!
The blast of flame misses your cyan ugly thing.
The blast of flame hits you!!!
You die...

.......)####.....................
.........................###..###
..........#.........###.......#
......)..###.........##...#..##
....).)).# ##....##############
......#..# #...#.###.$$$$##...#
......#..####.#####uD.../.##..#
....).#...##.##..u.D#####.>#..#
.........##)##..@##uYu....##.##
..........)##..ß.###u$$$$##..##
......)....#......#########...###
.................................
..................<.......#......
........................###......
.....................##...##.....
......................#..........
...........###..................#


You could see a fire dragon (catching breath, ally target), an ice dragon
(petrified, catching breath) and 2 friendly ugly things.

Vanquished Creatures
  3 dire elephants (Lair:5)
  8 vault guards (D:13)
  3 hydras
  3 boulder beetles
  A catoblepas (Lair:5)
  5 centaur warriors
  2 two-headed ogres
  The ghost of Aldia the Conjurer, a novice DrFE of Gozag (D:9)
  2 tengu warriors (D:15)
  2 death yaks (Lair:5)
  Nergalle (D:11)
  2 spectral death yaks (Lair:5)
  A spectral anaconda (Lair:5)
  2 skysharks (Lair:3)
  Lodul (D:10)
  A lindwurm (Lair:2)
  An arcanist (D:14)
  3 necromancers (Lair:5)
  An obsidian statue (Lair:5)
  2 orc knights (D:15)
  2 ugly things
  2 cyclopes
  A manticore (D:15)
  A dire elephant zombie (Lair:5)
  18 elephants
  A black mamba (shapeshifter) (D:15)
  3 meliai (D:15)
  5 black mambas
  16 cane toads
  2 gargoyles
  Maggie (D:7)
  5 komodo dragons
  4 rime drakes
  An efreet (D:14)
  A yaktaur (D:15)
  2 kobold demonologists
  5 trolls
  A tarantella (Lair:3)
  5 polar bears
  A jumping spider (Lair:3)
  2 slime creatures (D:9)
  8 blink frogs
  2 spectral elephants (Lair:5)
  A vampire (D:12)
  A shadow (D:11)
  Sigmund (D:6)
  A wraith (D:10)
  7 wyverns
  A water elemental (D:14)
  60 yaks
  7 basilisks
  A basilisk (shapeshifter) (D:15)
  Grum (D:10)
  16 fire elementals
  16 vampire mosquitoes
  2 wargs (D:15)
  A death yak simulacrum (Lair:5)
  Menkaure (D:6)
  A two-headed ogre zombie (D:10)
  2 spectral cane toads (Lair:5)
  14 water moccasins
  An acid dragon (D:11)
  A swamp drake (Lair:3)
  5 orc warriors
  2 black bears
  3 ice beasts
  3 elephant zombies (Lair:5)
  17 centaurs
  A phantom (D:9)
  5 boggarts (D:15)
  10 ogres
  19 wolves
  2 elf zombies (Ossuary)
  7 kobold brigands
  2 elephant skeletons (Lair:5)
  8 bullfrogs
  2 gnoll sergeants (D:12)
  Blork the orc (D:4)
  A cane toad simulacrum (Lair:5)
  5 wights (D:9)
  A troll zombie (D:10)
  An elephant simulacrum (Lair:5)
  6 killer bees (D:8)
  A howler monkey (D:8)
  A spectral bullfrog (Ossuary)
  A bombardier beetle (D:5)
  4 human zombies (Ossuary)
  A centaur zombie (Ossuary)
  3 hounds
  9 orc priests
  7 jellies
  A sleepcap (D:5)
  3 iguanas
  11 orc wizards
  5 hell rats (Lair:1)
  6 ogre zombies (D:10)
  2 crocodile zombies (Ossuary)
  2 spectral hounds (Ossuary)
  3 mummies (Ossuary)
  9 adders
  12 gnolls
  2 river rats (D:3)
  2 hound simulacra (Ossuary)
  2 shadow imps
  2 white imps
  4 ufetubi
  A spectral adder (Ossuary)
  A spectral gnoll (Ossuary)
  11 dart slugs
  2 ribbon worms
  4 adder simulacra (Ossuary)
  33 orcs
  5 bats
  8 endoplasms
  11 giant cockroaches
  11 gnoll zombies
  14 goblins
  3 hobgoblins
  12 jackals
  8 quokkas
  8 ball pythons
  10 frilled lizards
  3 gnoll simulacra (Ossuary)
  2 gnoll skeletons (D:10)
  23 kobolds
  4 kobold zombies (Ossuary)
  24 orc zombies
  5 rats
  4 spectral jackals (Ossuary)
671 creatures vanquished.

Vanquished Creatures (collateral kills)
  A boulder beetle (D:12)
  2 vampire mosquitoes (D:12)
3 creatures vanquished.

Vanquished Creatures (others)
  67 foxfires
67 creatures vanquished.

Grand Total: 741 creatures vanquished

Notes
Turn   | Place    | Note
-------+----------+-------------------------------------------
     0 | D:1      | KennySheep the Formicid Cinder Acolyte began the quest for
                  | the Orb.
     0 | D:1      | Reached XP level 1. HP: 18/18 MP: 2/2
    58 | D:1      | Reached XP level 2. HP: 24/24 MP: 3/3
   206 | D:1      | Reached skill level 1 in Unarmed Combat
   249 | D:1      | Reached skill level 1 in Shapeshifting
   346 | D:1      | Reached XP level 3. HP: 18/29 MP: 4/4
   389 | D:1      | Found Miereuheka's Antique Weapon Emporium.
   771 | D:2      | Reached skill level 1 in Armour
   862 | D:2      | Learned a level 2 spell: Scorch
  1057 | D:2      | Reached XP level 4. HP: 23/37 MP: 5/5
  1257 | D:2      | Identified the +0 sling of the Oily God {elec, MP+9}
  1448 | D:3      | Identified a scroll of acquirement
  1448 | D:3      | Acquired a +6 spectral giant spiked club
  1576 | D:3      | Found a faded altar of an unknown god.
  1637 | D:3      | Reached XP level 5. HP: 28/42 MP: 6/6
  1780 | D:3      | Found a glowing drain.
  1784 | Sewer    | Entered a sewer
  2134 | Sewer    | Noticed a bullfrog
  2141 | Sewer    | Killed a bullfrog
  2142 | Sewer    | Reached skill level 5 in Maces & Flails
  2142 | Sewer    | Reached XP level 6. HP: 48/48 MP: 7/7
  2407 | Sewer    | Found the +8 pair of quick blades "Gyre" and "Gimble"
                  | {protect}
  2774 | D:3      | Reached skill level 1 in Short Blades
  2774 | D:3      | Reached skill level 1 in Stealth
  2774 | D:3      | Reached XP level 7. HP: 54/54 MP: 8/8
  3215 | D:4      | Found a runed translucent door.
  3216 | D:4      | Noticed Crazy Yiuf
  3249 | D:4      | Found a staircase to the Ecumenical Temple.
  3271 | Temple   | Entered the Ecumenical Temple
  3511 | D:4      | Reached skill level 2 in Stealth
  3720 | D:4      | Noticed Blork the orc
  3727 | D:4      | Killed Blork the orc
  3874 | D:5      | Entered Level 5 of the Dungeon
  4078 | D:5      | Reached skill level 3 in Stealth
  4078 | D:5      | Reached XP level 8. HP: 61/61 MP: 9/9
  4144 | D:5      | Reached skill level 5 in Fighting
  4702 | D:6      | Noticed Menkaure
  4706 | D:6      | Killed Menkaure
  4707 | D:6      | Reached skill level 4 in Stealth
  4785 | D:6      | Noticed a wyvern
  4792 | D:6      | Reached skill level 5 in Short Blades
  4794 | D:6      | Killed a wyvern
  4795 | D:6      | Reached skill level 5 in Stealth
  4959 | D:6      | Found a runed translucent door.
  4963 | D:6      | Reached XP level 9. HP: 69/69 MP: 10/10
  4965 | D:6      | Noticed Skryme's ghost (novice GnSh)
  5014 | D:6      | Found Cuedoll's Book Boutique.
  5015 | D:6      | Noticed Sigmund
  5017 | D:6      | Killed Sigmund
  5410 | D:6      | Found a runed translucent door.
  5459 | D:7      | Found a sand-covered staircase.
  5477 | Ossuary  | Entered an ossuary
  5572 | Ossuary  | Reached skill level 6 in Stealth
  6055 | D:7      | Reached skill level 7 in Stealth
  6146 | D:7      | Reached skill level 1 in Dodging
  6224 | D:7      | Reached XP level 10. HP: 57/79 MP: 11/11
  6332 | D:7      | Noticed Maggie
  6337 | D:7      | Killed Maggie
  6730 | D:8      | Noticed a two-headed ogre
  6742 | D:8      | Killed a two-headed ogre
  6743 | D:8      | Reached skill level 8 in Stealth
  6754 | D:8      | Found a flagged portal.
  6815 | Bailey   | Entered a bailey
  6936 | Bailey   | Found a bloodstained altar of Trog.
  7069 | Bailey   | Identified the +3 trident of Cowardice {freeze, rElec
                  | Str+3}
  7501 | D:8      | Found a hazy altar of Hepliaklqana.
  7952 | D:9      | Reached XP level 11. HP: 87/87 MP: 12/12
  7959 | D:9      | Reached skill level 9 in Stealth
  8001 | D:9      | Reached skill level 10 in Short Blades
  8678 | D:9      | Found a runed translucent gate.
  8678 | D:9      | Found a runed translucent gate.
  8679 | D:9      | Found a runed translucent gate.
  8679 | D:9      | Noticed Aldia's ghost (novice DrFE)
  8681 | D:9      | Found a viscous altar of Jiyva.
  8760 | D:10     | Entered Level 10 of the Dungeon
  8760 | D:10     | Found a staircase to the Orcish Mines.
  8778 | D:10     | Noticed a two-headed ogre
  8925 | D:10     | Noticed a cyan ugly thing
  8929 | D:10     | Killed a two-headed ogre
  8940 | D:10     | Killed a cyan ugly thing
  9256 | D:9      | Reached skill level 10 in Stealth
  9275 | D:9      | Killed Aldia's ghost
  9276 | D:9      | Reached skill level 5 in Dodging
  9469 | D:10     | Reached skill level 1 in Shields
  9585 | D:10     | Noticed Gastronok
  9585 | D:10     | Noticed Grum
  9603 | D:9      | Reached XP level 12. HP: 70/97 MP: 13/13
  9721 | D:10     | Noticed Sonja
  9855 | D:10     | Reached skill level 10 in Fighting
  9937 | D:10     | Killed Grum
 10106 | D:10     | Noticed Lodul
 10116 | D:10     | Killed Lodul
 10117 | D:10     | Reached skill level 11 in Stealth
 10180 | D:10     | Found a staircase to the Lair.
 10720 | D:11     | Noticed Nergalle
 10725 | D:11     | Killed Nergalle
 10784 | D:11     | Noticed a boulder beetle
 10839 | D:11     | Killed a boulder beetle
 10840 | D:11     | Reached skill level 5 in Shields
 11887 | D:12     | Noticed a boulder beetle
 11891 | D:12     | Noticed a boulder beetle
 11894 | D:12     | Killed a boulder beetle
 12069 | D:12     | Noticed a centaur warrior
 12071 | D:12     | Reached XP level 13. HP: 99/105 MP: 14/14
 12077 | D:12     | Killed a centaur warrior
 12095 | D:12     | Gained mutation: You are strong-willed. (Will+) [potion of
                  | mutation]
 12095 | D:12     | Gained mutation: Your muscles are strong. (Str +4, Int/Dex
                  | -1) [potion of mutation]
 12097 | D:12     | Acquired 1254 gold pieces
 12141 | D:12     | Reached skill level 12 in Stealth
 12419 | D:12     | Identified the +2 falchion "Peenask" {venom, Will+++}
 12984 | D:12     | Got Qyukh's Atlas of Akashic Misfortune
 13039 | D:12     | Found Tiuleaw's Magic Scroll Shoppe.
 13044 | D:12     | Bought a scroll of acquirement for 780 gold pieces
 13044 | D:12     | Acquired the ring of Otisumyum {rF++ Str+4 Dex+6}
 13183 | D:13     | Found a gate to the Vaults.
 13183 | D:13     | Noticed a vault guard
 13183 | D:13     | Noticed a vault guard
 13183 | D:13     | Noticed a vault guard
 13183 | D:13     | Noticed a vault guard
 13242 | Lair:1   | Entered Level 1 of the Lair of Beasts
 13255 | Lair:1   | Identified the +8 sling of Broken Luck {elec, rElec rF+++
                  | rC- Int-5}
 14600 | Lair:2   | Reached skill level 13 in Stealth
 15052 | Lair:3   | Reached XP level 14. HP: 114/114 MP: 15/15
 15279 | Lair:3   | Noticed Nessos
 15296 | Lair:4   | Found a staircase to the Slime Pits.
 16454 | Lair:5   | Entered Level 5 of the Lair of Beasts
 16729 | Lair:5   | Reached skill level 14 in Stealth
 16776 | Lair:5   | Reached skill level 10 in Shields
 17530 | Lair:5   | Noticed a dire elephant
 17563 | Lair:5   | Noticed a dire elephant
 17578 | Lair:5   | Noticed a dire elephant
 17609 | Lair:5   | Killed a dire elephant
 18150 | Lair:5   | Reached XP level 15. HP: 112/124 MP: 16/16
 18294 | Lair:5   | Reached skill level 15 in Stealth
 20156 | Lair:3   | Found a hole to the Spider Nest.
 20249 | Lair:3   | Found a staircase to the Swamp.
 20761 | Temple   | Fell from the grace of Ignis
 20761 | Temple   | Became a worshipper of Dithmenos the Shadowed
 22428 | D:13     | Reached skill level 16 in Stealth
 22483 | D:13     | Reached * piety under Dithmenos
 22935 | D:14     | Found an ornate altar of the Wu Jian Council.
 23492 | D:15     | Entered Level 15 of the Dungeon
 24339 | D:15     | Reached XP level 16. HP: 128/134 MP: 17/17
 24460 | D:15     | Found a runed translucent door.
 24461 | D:15     | Found a shimmering altar of Xom.
 24461 | D:15     | Noticed Ytwo Fev's ghost (adept HuIE)
 24462 | D:15     | Identified the +9 glaive of the Tundras {chaos, Int+5}
 24512 | D:15     | Found a staircase to the Depths.
 24524 | D:15     | Killed from afar by a fire dragon

Illustrated notes

Levels and vault maps discovered:
D:1:      dpeg_arrival_pits, layout_loops_ring, serial_shops,
          nicolae_shop_hallway_stairs, minmay_distorted
D:2:      layout_rooms
D:3:      layout_basic, gup_sewer_entry_spiral,
          chequers_ecumenical_altar_simple_redux, minmay_box_of_dots
D:4:      layout_basic, minmay_temple_entry_drinking_statues,
          uniq_crazy_yiuf_cottage, uniq_blork_the_orc
D:5:      layout_basic, minivault_23, grunt_ministairs_6
D:6:      layout_loops_ring, serial_shops, kennysheep_little_box,
          ebering_ghost_sewer_f, uniq_sigmund, uniq_menkaure
D:7:      layout_loops_cross, nicolae_ossuary_entry_plus, uniq_maggie
D:8:      layout_loops_ring, lemuel_coloured_pillars_altar, enter_bailey_7
D:9:      layout_basic, gammafunk_ghost_ooze
D:10:     layout_cross, lair_entry_dummy, zombieorc2_lemuel,
          serial_column_ruins, column_ruins_grid_3, column_ruins_grid_3,
          column_ruins_open_tiny, column_ruins_grid_1, column_ruins_open_tiny,
          uniq_lodul, uniq_gastronok, uniq_sonja, uniq_grum
D:11:     layout_layer_cave, st_stairs_10, uniq_nergalle
D:12:     layout_cave_pools, serial_shops, shop
D:13:     layout_cave_pods, erik_vaults_2, minmay_statues_item
D:14:     layout_basic, nzn_wu_jian_council_hall
D:15:     grunt_enter_depths_hoard, layout_cave_pools, ebering_ghost_xom,
          serial_park_tiny_1, minmay_hedge_maze
Temple:   regret_index_temple_sigil_plot
Lair:1:   layout_loops_ring, columned_hall_lemuel, minivault_25
Lair:2:   layout_long_grid, pdpol_lair_cavern_descent
Lair:3:   layout_loops_ring, minmay_swamp_entry_reptiles,
          spider_nest_entry_rubble, minmay_holes, uniq_nessos
Lair:4:   layout_roguey, slime_entry_1, minmay_lair_oklob_bushes
Lair:5:   due_jungle_book, layout_misc_corridors, nicolae_lair_yak_garden

Skill      XL: |  1  2  3  4  5  6  7  8  9 10 11 12 13 14 15 |
---------------+----------------------------------------------+-----
Unarmed Combat | 1 |  1.2
Shapeshifting  | 1 |  1.1
Armour         | 1 |  1.7
Maces & Flails | 5 |  5.9
Fighting       | 4 6 7 8 9 10 11 13 14 | 14.4
Short Blades   | 1 3 5 7 9 11 12 14 | 14.4
Stealth        | 1 3 5 7 8 10 11 13 14 16 | 16.3
Dodging        | 1 3 5 6 8 |  8.5
Shields        | 1 5 8 11 13 | 13.1
Spellcasting   | |  1.1
Fire Magic     | |  3.0

Action                     |  1- 3 |  4- 6 |  7- 9 | 10-12 | 13-15 | 16-18 || total
---------------------------+-------+-------+-------+-------+-------+-------++-------
  Melee: Mace              |   102 |    35 |       |       |       |       ||   137
         Giant spiked club |       |    41 |       |       |       |       ||    41
         Pair of quick bla |       |    34 |   524 |  1375 |  3531 |    78 ||  5542
   Cast: Scorch            |       |    13 |       |       |       |       ||    13
 Invoke: Fiery Armour      |       |       |       |     4 |     1 |       ||     5
         Foxfire Swarm     |       |       |       |     2 |     2 |       ||     4
    Use: Scroll            |     3 |     2 |     7 |     6 |    12 |     1 ||    31
         Potion            |       |     1 |     1 |     3 |     5 |     1 ||    11
   Stab: Sleeping          |       |       |    17 |    11 |    31 |       ||    59
         Invisible         |       |       |       |     4 |       |       ||     4
         Distracted        |       |       |       |       |     4 |       ||     4
         Fleeing           |       |       |       |       |     3 |       ||     3
 Armour: Robe              |    85 |    72 |    88 |       |       |       ||   245
         Steam dragon scal |       |       |       |   217 |   421 |    17 ||   655
  Dodge: Dodged            |    79 |    50 |    74 |   171 |   288 |    11 ||   673
  Block: Kite shield       |       |       |       |    63 |   400 |    11 ||   474

Table legend: (Time is in decaauts)
 A = Elapsed time spent in this place.
 B = Non-inter-level travel time spent in this place.
 C = Inter-level travel time spent in this place.
 D = Time resting spent in this place.
 E = Time spent auto-exploring this place.
 F = Levels seen in this place.
 G = Mean time per level.
                   A        B        C        D        E       F      G
               +--------+--------+--------+--------+--------+-----+--------+
         Total |  24151 |  23031 |   1120 |   4223 |  14385 |  24 | 1006.3 |
       Dungeon |  15606 |  14757 |    849 |   2161 |   9976 |  15 | 1040.4 |
        Temple |    104 |     69 |     35 |     63 |      0 |   1 |  104.0 |
          Lair |   7096 |   6860 |    236 |   1669 |   3987 |   5 | 1419.2 |
         Sewer |    796 |    796 |      0 |    330 |    146 |   1 |  796.0 |
       Ossuary |    259 |    259 |      0 |      0 |     95 |   1 |  259.0 |
        Bailey |    289 |    289 |      0 |      0 |    180 |   1 |  289.0 |
               +--------+--------+--------+--------+--------+-----+--------+

Top non-repeatable levels by time:
  Lair:5: 2758 daAuts
    D:11: 1811 daAuts
    D:13: 1404 daAuts
  Lair:3: 1335 daAuts
  Lair:4: 1315 daAuts
    D:12: 1277 daAuts
     D:9: 1235 daAuts
    D:10: 1200 daAuts
     D:8: 1036 daAuts
     D:3: 993 daAuts
    D:15: 990 daAuts
     D:6: 940 daAuts
  Lair:1: 940 daAuts
     D:5: 854 daAuts
    D:14: 834 daAuts
